 Dungeon Sprint DCSS version 0.17-a0-1663-gb806841 (webtiles) character file.

135 Kidiri the Covert (level 4, -10/21 HPs)
             Began as a Spriggan Enchanter on Aug 16, 2015.
             Was an Initiate of Dithmenos.
             Splashed by an oklob sapling wizard's acid (14 damage)
             ... in the Dungeon (Sprint IV: "Fedhas' Mad Dash").
             The game lasted 00:02:51 (561 turns).

Kidiri the Covert (Spriggan Enchanter)               Turns: 561, Time: 00:02:51

Health: -10/21     AC: -1    Str:  4    XL:     4   Next: 96%
Magic:  13/13      EV: 22    Int: 16    God:    Dithmenos [......]
Gold:   44         SH:  0    Dex: 17    Spells: 5 memorised, 3 levels left

rFire  . . .     SeeInvis +     a - +1 dagger
rCold  . . .     Clarity  .     b - +1 robe
rNeg   . . .     SustAt   .     (shield restricted)
rPois  .         Gourm    .     (helmet restricted)
rElec  .         Spirit   .     (no cloak)
rCorr  .         Warding  .     (gloves unavailable)
rMut   .         NoTele   +     (boots unavailable)
MR     .....                    (no amulet)
Stlth  +++++.....               (no ring)
                                k - ring of invisibility

@: corroded equipment, very slightly contaminated, very quick, not resistant to
hostile enchantments, quite stealthy
A: unfitting armour, see invisible, herbivore 3, speed 3, slow metabolism 2
a: Renounce Religion, Evoke Invisibility


You were in the Dungeon.
You worshipped Dithmenos.
Dithmenos was noncommittal.
You were not hungry.

You visited 1 branch You collected 44 gold pieces.

Inventory:

Hand weapons
 a - a +1 dagger (weapon)
Armour
 b - a +1 robe (worn)
Jewellery
 k - a ring of invisibility (left hand)
Scrolls
 j - a scroll of blinking
Potions
 e - a potion of curing
 f - a potion of heal wounds
 g - a potion of haste
 h - 2 potions of magic
 i - a potion of berserk rage
Books
 c - a book of Maledictions

   Spells                             Type                      Level
   a - Corona                         Hexes                        1
   b - Ensorcelled Hibernation        Hexes/Ice                    2
   c - Confuse                        Hexes                        3
   d - Tukima's Dance                 Hexes                        3
   e - Dazzling Spray                 Conjuration/Hexes            3
Comestibles
 d - a bread ration


   Skills:
 + Level 3.4 Short Blades
 * Level 7.0 Dodging
 * Level 8.4 Stealth
 * Level 6.0 Spellcasting
 + Level 1.0 Conjurations
 + Level 5.1 Hexes
 + Level 2.0 Ice Magic
 + Level 0.6 Invocations
 + Level 2.0 Evocations


You had 3 spell levels left.
You knew the following spells:

 Your Spells              Type           Power        Failure   Level  Hunger
a - Corona                Hex            ###....      1%          1    None
b - Ensorcelled Hibernat  Hex/Ice        ###...       6%          2    #......
c - Confuse               Hex            ###.....     6%          3    ##.....
d - Tukima's Dance        Hex            ###.....     6%          3    ##.....
e - Dazzling Spray        Conj/Hex       ##......     12%         3    ##.....


Dungeon Overview and Level Annotations

Branches:
Dungeon (1/1)

Altars:
Cheibriados
Dithmenos
Elyvilon
Gozag
Kikubaaqudgha
Makhleb
Nemelex Xobeh
Okawaru
Qazlal
Ru
Sif Muna
Trog
Vehumet
Xom
Yredelemnul
Zin
The Shining One
Beogh
Jiyva
Lugonu

Annotations:
D exclusion: oklob sapling


Innate Abilities, Weirdness & Mutations

You are tiny and cannot use many weapons and most armour.
You have supernaturally acute eyesight.
You are a herbivore.
You cover ground extremely quickly.
You need consume almost no food.


Message History

There is a glowing golden altar of the Shining One here.
There is an iron altar of Okawaru here.
There is a basalt altar of Yredelemnul here.
You open the door.
Marking area around the oklob sapling wizard as unsafe for travelling.
An oklob sapling wizard comes into view.
Found 29 stones and a scroll labeled PETHALE ZOFORO.
Use which ability? (? or * to list)
Okay, then.
There is an open door here.
The oklob sapling wizard spits acid at you.
The splash of acid misses you.
You hit the oklob sapling wizard but do no damage.
The oklob sapling wizard spits acid at you.
The splash of acid hits you!
Ouch! That really hurt!
* * * LOW HITPOINT WARNING * * *
The acid corrodes you!
The acid burns!
Ouch! That really hurt!
You die...

###################
.#.⌠.........⌠.#.(+
.+._._._._._._.'@P#
.#_._._._._._._#..#
##._._._._._._.#.?#
.#.⌠...._....⌠.####
.############### ##


You could see an oklob sapling wizard.

Vanquished Creatures
  A worker ant (D)
  3 oklob saplings (D)
  A river rat (D)
  A rat (D)
6 creatures vanquished.

Notes
Turn   | Place    | Note
--------------------------------------------------------------
     0 | D        | Kidiri the Spriggan Enchanter began the quest for the Orb.
     0 | D        | Reached XP level 1. HP: 9/9 MP: 5/5
     8 | D        | Reached skill level 5 in Stealth
    25 | D        | Reached XP level 2. HP: 8/13 MP: 7/7
   155 | D        | Learned a level 2 spell: Ensorcelled Hibernation
   257 | D        | Noticed an oklob sapling
   258 | D        | Killed an oklob sapling
   258 | D        | Reached skill level 5 in Dodging
   258 | D        | Reached skill level 6 in Stealth
   258 | D        | Reached skill level 1 in Ice Magic
   258 | D        | Reached XP level 3. HP: 16/16 MP: 7/9
   380 | D        | Learned a level 3 spell: Confuse
   384 | D        | Learned a level 3 spell: Tukima's Dance
   385 | D        | Noticed a worker ant
   387 | D        | Killed a worker ant
   387 | D        | Reached skill level 7 in Stealth
   387 | D        | Reached skill level 5 in Spellcasting
   410 | D        | Learned a level 3 spell: Dazzling Spray
   414 | D        | Found a snail-covered altar of Cheibriados.
   414 | D        | Found a glowing silver altar of Zin.
   414 | D        | Found a white marble altar of Elyvilon.
   414 | D        | Found a viscous altar of Jiyva.
   414 | D        | Found a radiant altar of Vehumet.
   414 | D        | Found a deep blue altar of Sif Muna.
   414 | D        | Found an ancient bone altar of Kikubaaqudgha.
   414 | D        | Found a bloodstained altar of Trog.
   414 | D        | Found a corrupted altar of Lugonu.
   414 | D        | Noticed an oklob sapling priest
   415 | D        | Found a burning altar of Makhleb.
   415 | D        | Found a sacrificial altar of Ru.
   416 | D        | Found a glowing golden altar of the Shining One.
   416 | D        | Found a sparkling altar of Nemelex Xobeh.
   417 | D        | Found a shadowy altar of Dithmenos.
   418 | D        | Found an iron altar of Okawaru.
   418 | D        | Found a shimmering altar of Xom.
   419 | D        | Found an opulent altar of Gozag.
   420 | D        | Found a basalt altar of Yredelemnul.
   420 | D        | Found a roughly hewn altar of Beogh.
   421 | D        | Killed an oklob sapling priest
   421 | D        | Reached skill level 8 in Stealth
   421 | D        | Reached skill level 5 in Hexes
   421 | D        | Reached skill level 1 in Evocations
   421 | D        | Reached XP level 4. HP: 21/21 MP: 8/12
   422 | D        | Found a stormy altar of Qazlal.
   427 | D        | Became a worshipper of Dithmenos the Shadowed
   525 | D        | Noticed an oklob sapling
   528 | D        | Killed an oklob sapling
   528 | D        | Reached skill level 1 in Conjurations
   558 | D        | Noticed an oklob sapling wizard
   561 | D        | Splashed by an oklob sapling wizard's acid

Vault maps used:
D:        dungeon_sprint_fedhas

Action                   |  1- 3 |  4- 6 || total
-------------------------+-------+-------++-------
Melee: Dagger            |     9 |     2 ||    11
 Abil: Evoke Invisibilit |     1 |     1 ||     2
 Stab: Sleeping          |     4 |     1 ||     5
